Map: [ESL] Waterfall

Players

ShoWTimE

  • Race: Protoss Protoss
  • Spawn Location: 1:00

llllllllllll (herO) - Winner!

  • Race: Protoss Protoss
  • League: Master
  • Spawn Location: 7:00

VOD

Have the link to the VOD?

Description

Time

  • Played on: Oct. 22, 2022, 9:32 a.m.
  • Length: 7:57
Show
View Real Time Build Order
Export as new Build Order

ShoWTimE Protoss 

Build Orders: Oracle Opening 

Get SALT Encoding   

  12  0:00  Probe  
  13  0:12  Probe  
  14  0:17  Pylon  
  14  0:24  Probe (Chrono Boost)  
  15  0:37  Probe (Chrono Boost)  
  15  0:38  Gateway  
  16  0:45  Probe (Chrono Boost)  
  16  0:47  Assimilator  
  17  0:51  Probe  
  18  1:03  Probe (Chrono Boost)  
  19  1:04  Assimilator  
  19  1:07  Pylon  
  19  1:14  Probe (Chrono Boost)  
  20  1:19  Probe (Chrono Boost)  
  20  1:25  Cybernetics Core  
  21  1:29  Probe  
  22  1:38  Pylon  
  22  1:41  Zealot  
  22  1:45  Probe  
  25  1:54  Pylon  
  25  1:57  Probe  
  26  2:02  Stargate  
  26  2:10  Adept  
  28  2:26  Warp Gate  
  27  2:35  Nexus  
  27  2:42  Shield Battery  
  27  2:57  Pylon  
  29  3:01  Probe  
  29  3:03  Oracle (Chrono Boost)  
  31  3:15  Probe  
  31  3:18  Stalker  
  34  3:27  Probe  
  34  3:33  Gateway  
  35  3:39  Probe  
  34  3:47  Probe  
  35  3:49  Twilight Council  
  35  3:51  Probe  
  36  4:00  Probe  
  37  4:03  Probe  
  38  4:12  Probe  
  38  4:13  Stalker  
  38  4:15  Probe  
  42  4:18  Blink (Chrono Boost)  
  42  4:24  Probe  
  43  4:28  Probe, Stalker  
  46  4:34  Dark Shrine  
  46  4:36  Probe  
  47  4:39  Stalker  
  47  4:40  Probe  
  47  4:43  Pylon  
  50  4:48  Probe  
  50  4:52  Probe  
  52  4:59  Pylon  
  52  5:00  Probe  
  52  5:03  Stalker, Pylon  
  52  5:04  Probe  
  56  5:09  Assimilator  
  56  5:12  Probe  
  56  5:13  Gateway  
  57  5:18  Stalker  
  59  5:21  Probe  
  59  5:24  Probe, Pylon  
  61  5:28  Stalker  
  61  5:46  Shield Battery, Dark Templar  
  62  5:50  Probe x2  
  62  5:54  Stalker  
  66  5:59  Gateway  
  66  6:02  Probe  
  67  6:08  Stalker  
  65  6:19  Dark Templar  
  65  6:20  Probe x2  
  61  6:32  Probe  
  60  6:33  Probe  
  60  6:37  Stalker  
  55  6:44  Probe  
  56  6:52  Stalker  
  57  6:57  Stalker  
  57  6:58  Gateway x2, Probe  
  60  7:02  Gateway  
  60  7:03  Stalker  
  60  7:06  Pylon  
  61  7:24  Stalker x2  
  61  7:26  Probe  
  61  7:27  Probe  
  67  7:34  Stalker  
  59  7:47  Stalker x2  
Show
View Real Time Build Order
Export as new Build Order

llllllllllll Protoss - Winner!

Build Orders: Blink Stalkers 

Get SALT Encoding   

  12  0:00  Probe  
  13  0:12  Probe  
  14  0:17  Pylon  
  14  0:24  Probe  
  15  0:35  Gateway  
  15  0:37  Probe (Chrono Boost)  
  16  0:43  Assimilator  
  16  0:49  Probe (Chrono Boost)  
  17  0:55  Probe (Chrono Boost)  
  18  1:04  Probe  
  19  1:16  Probe  
  20  1:22  Cybernetics Core  
  20  1:24  Pylon  
  20  1:27  Zealot  
  20  1:28  Probe  
  23  1:38  Assimilator  
  23  1:42  Probe  
  24  1:54  Probe  
  24  1:57  Stalker (Chrono Boost)  
  27  2:04  Warp Gate  
  27  2:06  Probe  
  28  2:18  Stalker (Chrono Boost)  
  30  2:28  Pylon  
  30  2:31  Nexus  
  30  2:43  Probe  
  31  2:45  Stalker (Chrono Boost)  
  33  2:54  Shield Battery  
  33  2:55  Probe  
  33  3:02  Shield Battery  
  34  3:13  Twilight Council  
  34  3:14  Stalker  
  34  3:17  Probe  
  36  3:29  Probe  
  36  3:33  Gateway  
  35  3:41  Probe  
  35  3:42  Blink (Chrono Boost)  
  35  3:44  Probe  
  37  3:53  Stalker  
  39  3:57  Probe  
  39  3:59  Probe  
  39  4:09  Probe  
  40  4:11  Probe  
  41  4:17  Stalker  
  41  4:21  Probe  
  41  4:23  Probe  
  45  4:27  Stalker  
  45  4:28  Pylon  
  47  4:34  Probe  
  47  4:35  Probe  
  49  4:40  Gateway  
  49  4:41  Gateway  
  49  4:48  Stalker  
  49  4:49  Probe x2  
  53  4:54  Stalker  
  55  5:02  Probe  
  55  5:03  Probe  
  55  5:05  Robotics Facility  
  57  5:10  Pylon  
  57  5:17  Stalker x2  
  61  5:28  Pylon  
  61  5:35  Probe  
  61  5:36  Probe, Assimilator  
  62  5:46  Stalker x4  
  62  5:49  Probe x2  
  72  5:55  Observer  
  69  6:20  Stalker x3  
  69  6:23  Probe x2  
  64  6:35  Probe x2  
  62  6:44  Stalker x2  
  62  6:45  Stalker x2  
  69  6:47  Probe  
  69  6:48  Probe  
  72  6:54  Observer (Chrono Boost)  
  72  6:57  Nexus  
  72  7:00  Probe x2, Pylon  
  74  7:03  Forge  
  74  7:12  Probe x2  
  70  7:20  Stalker x3  
  70  7:21  Stalker  
  78  7:24  Probe x2  
  78  7:26  Pylon  
  77  7:39  Probe  
  77  7:40  Probe  
Tags
 
Add a new tag
Caveats
  • Supply blocks, unpowered buildings, or Contaminate may cause inaccurate times.
  • Supply counts are checked every 10 seconds.